 Dungeon Crawl Stone Soup version 0.30-a0-576-g89cddaab80 (webtiles) character file.

Game seed: 18022455503279023159

102 Crownlay the Insei (level 4, -1/34 HPs)
             Began as a Gnoll Transmuter on Dec 30, 2022.
             Slain by Terence
             ... wielding a +0 trident
              (9 damage)
             ... on level 3 of the Dungeon.
             The game lasted 00:02:40 (1897 turns).

Crownlay the Insei (Gnoll Transmuter)               Turns: 1897, Time: 00:02:41

Health: -1/34      AC:  2    Str: 15    XL:     4   Next: 77%
Magic:  10/11      EV: 13    Int: 21    God:
Gold:   25         SH:  0    Dex: 12    Spells: 10/13 levels left

rFire   . . .      SeeInvis .    c - +0 war axe
rCold   . . .      Faith    .    (no shield)
rNeg    . . .      Spirit   .    a - +0 robe
rPois   .          Reflect  .    (no helmet)
rElec   .          Harm     .    (no cloak)
rCorr   .          Rampage  .    (no gloves)
Will    .....                    (no boots)
Stlth   ++                       (no amulet)
HPRegen 0.25/turn                f - +6 ring of intelligence
MPRegen 0.12/turn                o - +6 ring of strength

@: wereblooded
A: fangs 1, strong nose, distributed training
a: no special abilities


You were on level 3 of the Dungeon.
You visited 1 branch of the dungeon, and saw 3 of its levels.

You collected 123 gold pieces.
You spent 98 gold pieces at shops.

Inventory:

Hand Weapons
 c - a +0 war axe (weapon)
Armour
 a - a +0 robe (worn)
Jewellery
 f - a +6 ring of intelligence (left hand)
 o - a +6 ring of strength (right hand)
Scrolls
 d - 2 scrolls of teleportation {unknown}
 e - a scroll of magic mapping {unknown}
 h - a scroll of noise {unknown}
 i - a scroll of amnesia {unknown}
 j - 4 scrolls of enchant weapon
 n - a scroll of fear {unknown}
 r - a scroll of immolation {unknown}
 s - a scroll of enchant armour {unknown}
 t - a scroll of brand weapon {unknown}
 u - a scroll of butterflies {unknown}
 v - 3 scrolls of identify
Potions
 b - 3 potions of lignification
 g - 3 potions of mutation {unknown}
 k - 2 potions of heal wounds {unknown}
 l - a potion of flight {unknown}
 m - a potion of haste {unknown}
 p - a potion of might {unknown}
 q - 2 potions of attraction {unknown}


   Skills:
 + Level 2.8 Fighting
 + Level 1.3 Short Blades
 + Level 1.3 Long Blades
 + Level 1.3 Axes
 + Level 1.3 Maces & Flails
 + Level 1.3 Polearms
 + Level 1.3 Staves
 + Level 1.3 Ranged Weapons
 + Level 1.3 Throwing
 + Level 1.3 Armour
 + Level 4.7 Dodging
 + Level 1.3 Stealth
 + Level 1.3 Shields
 + Level 6.6 Unarmed Combat
 + Level 5.1 Spellcasting
 + Level 1.0 Conjurations
 + Level 1.0 Hexes
 + Level 1.0 Summonings
 + Level 1.0 Necromancy
 + Level 1.0 Translocations
 + Level 3.9 Transmutations
 + Level 1.0 Fire Magic
 + Level 1.0 Ice Magic
 + Level 1.0 Air Magic
 + Level 1.0 Earth Magic
 + Level 1.0 Poison Magic
 + Level 1.4 Invocations
 + Level 1.3 Evocations


You had 10 spell levels left.
You knew the following spells:

 Your Spells              Type           Power      Damage    Failure   Level
a - Beastly Appendage     Tmut           42%        N/A       2%          1
b - Wereblood             Tmut           21%        N/A       3%          2

Your spell library contained the following spells:

 Spells                   Type           Power      Damage    Failure   Level
 Magic Dart               Conj           36%        1d4       7%          1
 Searing Ray              Conj           18%        2d5       11%         2
 Spider Form              Tmut/Pois      15%        N/A       12%         3
 Ice Form                 Ice/Tmut       15%        N/A       36%         4
 Fulminant Prism          Conj/Hex       4%         3d5       56%         4


Dungeon Overview and Level Annotations

Branches:
Dungeon (3/15)

Altars:
Zin

Shops:
D:3 *?

Annotations:
D:3 Terence


Innate Abilities, Weirdness & Mutations

You have very sharp teeth.
Your uncanny sense of smell can sniff out nearby items.
Your experience applies equally to all skills.


Message History

You hit the hobgoblin.
You kill the hobgoblin!
No target in view!
No target in view!
Found 6 stones.
You see here 6 stones.
You see here 6 stones.
Terence the Incautious comes into view.
He is wielding a +0 trident and carrying a wand of flame (21).
Terence shouts!
You hear an angry hiss.
Okay, then.
Sorry, you're not good enough to have a special ability.
Unknown command.
Casting: Beastly Appendage (safe; 2% risk of failure)
Confirm with . or Enter, or press ? or * to list all spells.
Your blood is infused with primal strength.
A ball python comes into view.
Terence hits you from afar with a +0 trident.
Terence barely misses you.
You closely miss Terence. Terence misses you.
The ball python hisses angrily.
You hit Terence.
Terence is moderately wounded.
Terence closely misses you. Terence hits you with a +0 trident!
You hit Terence.
Terence is heavily wounded.
Terence misses you.
You hit Terence but do no damage. You bite Terence, but do no damage.
Terence is heavily wounded.
Terence closely misses you. Terence hits you with a +0 trident.
You hit Terence.
Terence is severely wounded.
Terence zaps a wand.
The puff of flame hits you!
You are too injured to fight recklessly!
You are too injured to fight recklessly!
You hit Terence. Your bite misses Terence.
Terence is severely wounded.
Terence hits you with a +0 trident.
* * * LOW HITPOINT WARNING * * *
Terence hits you with a +0 trident!
You die...

....#.......###
#.# #.#
.####.....#.#
#.# #.# .
#####.#.# #.#
#.# . #.#.# #.#
#.# . #.#.# #.#
#.# #.#.# #.#
#.# #.#.# #.#
#.# ...#####.#
#.# .8...S@@.#
#.# ...#.#####
#.# #.# #.#
##########.#
#..........#
#(##########
#.# #.#


You could see Terence and a ball python.

Vanquished Creatures
  Natasha (D:3)
  3 adders
  A dart slug (D:2)
  7 ball pythons
  4 bats
  3 endoplasms
  3 giant cockroaches
  2 goblins
  4 hobgoblins
  3 kobolds
  5 quokkas
  5 frilled lizards
  5 rats
  A spectral kobold (D:1)
47 creatures vanquished.

Notes
Turn   | Place    | Note
-------+----------+-------------------------------------------
     0 | D:1      | Crownlay the Gnoll Transmuter began the quest for the Orb.
     0 | D:1      | Reached XP level 1. HP: 17/17 MP: 6/6
   282 | D:1      | Reached XP level 2. HP: 23/23 MP: 7/7
   348 | D:1      | Found a faded altar of an unknown god.
   671 | D:1      | Reached skill level 5 in Spellcasting
   671 | D:1      | Reached XP level 3. HP: 28/28 MP: 7/9
  1005 | D:2      | Reached skill level 1 in Invocations
  1140 | D:2      | Reached skill level 1 in Short Blades
  1140 | D:2      | Reached skill level 1 in Long Blades
  1140 | D:2      | Reached skill level 1 in Axes
  1140 | D:2      | Reached skill level 1 in Maces & Flails
  1140 | D:2      | Reached skill level 1 in Polearms
  1140 | D:2      | Reached skill level 1 in Staves
  1140 | D:2      | Reached skill level 1 in Ranged Weapons
  1140 | D:2      | Reached skill level 1 in Throwing
  1140 | D:2      | Reached skill level 1 in Armour
  1140 | D:2      | Reached skill level 1 in Stealth
  1140 | D:2      | Reached skill level 1 in Shields
  1140 | D:2      | Reached skill level 1 in Evocations
  1324 | D:2      | Reached XP level 4. HP: 27/34 MP: 11/11
  1394 | D:2      | Found a glowing silver altar of Zin.
  1519 | D:3      | Found Liuz's General Store.
  1623 | D:3      | Bought a scroll of identify for 20 gold pieces
  1677 | D:3      | Noticed Natasha
  1683 | D:3      | Killed Natasha
  1684 | D:3      | Reached skill level 1 in Conjurations
  1684 | D:3      | Reached skill level 1 in Hexes
  1684 | D:3      | Reached skill level 1 in Summonings
  1684 | D:3      | Reached skill level 1 in Necromancy
  1684 | D:3      | Reached skill level 1 in Translocations
  1684 | D:3      | Reached skill level 1 in Fire Magic
  1684 | D:3      | Reached skill level 1 in Ice Magic
  1684 | D:3      | Reached skill level 1 in Air Magic
  1684 | D:3      | Reached skill level 1 in Earth Magic
  1684 | D:3      | Reached skill level 1 in Poison Magic
  1720 | D:3      | Found Afavil's Magic Scroll Shoppe.
  1724 | D:3      | Learned a level 2 spell: Wereblood
  1731 | D:3      | Bought a scroll of identify for 26 gold pieces
  1731 | D:3      | Bought a scroll of identify for 26 gold pieces
  1731 | D:3      | Bought a scroll of identify for 26 gold pieces
  1889 | D:3      | Noticed Terence
  1897 | D:3      | Slain by Terence

Illustrated notes

Levels and vault maps discovered:
D:1:      co_arrival_random_square_maze, layout_basic,
          dreamdust_ecumenical_altar_drowned_temple, corexii_hall_statues_u
D:2:      layout_rooms, basic_altar
D:3:      layout_loops_ring, serial_shops, nicolae_shop_waterfront,
          nicolae_shop_statue_plus, nicolae_diamond_shop,
          kennysheep_generic_room_10, uniq_natasha, uniq_terence

Skill      XL: |  1  2  3  4 |
---------------+-------------+-----
Spellcasting   | 5 |  5.1
Invocations    | 1 |  1.4
Short Blades   | 1 |  1.3
Long Blades    | 1 |  1.3
Axes           | 1 |  1.3
Maces & Flails | 1 |  1.3
Polearms       | 1 |  1.3
Staves         | 1 |  1.3
Ranged Weapons | 1 |  1.3
Throwing       | 1 |  1.3
Armour         | 1 |  1.3
Stealth        | 1 |  1.3
Shields        | 1 |  1.3
Evocations     | 1 |  1.3
Conjurations   | 1 |  1.0
Hexes          | 1 |  1.0
Summonings     | 1 |  1.0
Necromancy     | 1 |  1.0
Translocations | 1 |  1.0
Fire Magic     | 1 |  1.0
Ice Magic      | 1 |  1.0
Air Magic      | 1 |  1.0
Earth Magic    | 1 |  1.0
Poison Magic   | 1 |  1.0
Fighting       | |  2.8
Dodging        | |  4.7
Unarmed Combat | |  6.6
Transmutations | |  3.9

Action                   |  1- 3 |  4- 6 || total
-------------------------+-------+-------++-------
Melee: War axe           |   123 |    39 ||   162
       Punch             |     2 |     1 ||     3
       Bite              |    12 |     1 ||    13
       Kick              |       |     2 ||     2
 Cast: Beastly Appendage |     2 |     1 ||     3
       Wereblood         |       |     1 ||     1
  Use: Scroll            |       |     1 ||     1
 Stab: Sleeping          |     3 |     1 ||     4
       Distracted        |     1 |       ||     1
Armor: Robe              |    31 |     9 ||    40
Dodge: Dodged            |    97 |    29 ||   126

Table legend: (Time is in decaauts)
 A = Elapsed time spent in this place.
 B = Non-inter-level travel time spent in this place.
 C = Inter-level travel time spent in this place.
 D = Time resting spent in this place.
 E = Time spent auto-exploring this place.
 F = Levels seen in this place.
 G = Mean time per level.
                   A        B        C        D        E       F      G
               +--------+--------+--------+--------+--------+-----+--------+
         Total |   1991 |   1958 |     33 |      0 |   1526 |   3 |  663.7 |
       Dungeon |   1991 |   1958 |     33 |      0 |   1526 |   3 |  663.7 |
               +--------+--------+--------+--------+--------+-----+--------+

Top non-repeatable levels by time:
     D:1: 1019 daAuts
     D:2: 560 daAuts
     D:3: 411 daAuts
